 Dungeon Crawl Stone Soup version 0.27-a0-1555-g0e7b3fb1d2 (webtiles) character file.

Game seed: 12255493094548475290

156152 Spaninq the Brawler (level 17, -2/184 HPs)
             Began as a Troll Wanderer on July 14, 2021.
             Was a High Priest of Ashenzari.
             Shot with a stone by a faun (10 damage)
             ... on level 1 of the Shoals.
             The game lasted 02:00:10 (27051 turns).

Spaninq the Brawler (Troll Wanderer)               Turns: 27051, Time: 02:00:11

Health: -2/184     AC: 18    Str: 28    XL:     17   Next: 10%
Magic:  16/16      EV: 11    Int: 11    God:    Ashenzari [*****.]
Gold:   2332       SH:  0    Dex:  8    Spells: 16/17 levels left

rFire    + + .     SeeInvis +     - Unarmed
rCold    . . .     Faith    .   t - +0 kite shield of Ashenzari's Liberalism {Comp, Melee} (curse)
rNeg     . . .     Spirit   .   b - +0 fire dragon scales of Star-Bound Wisdom {rF++ rC-, Cun, Self} (curse)
rPois    .         Reflect  +   (helmet restricted)
rElec    .         Harm     .   o - +2 cloak of the Ruined Pantheism {Self, Fort} (curse)
rCorr    .         Rampage  .   (gloves unavailable)
Will     .....     Clarity  +   (boots unavailable)
Stlth    ..........             N - amulet "Restrained With Me" {Reflect SH+5, Fort, Evo} (curse)
HPRegen  1.40/turn              G - ring "Shattered Incredulity" {rC+ Int+3, Alch, Melee} (curse)
MPRegen  0.15/turn              F - ring of Ashenzari's Malaise {Wiz, Bglg, Alch} (curse)

@: confused, weak-willed, ambrosia-drunk, spiked
A: large, unfitting armour, claws 3, regeneration 1, shaggy fur 1, tough skin 1,
clumsy 1
a: Renounce Religion, Shatter the Chains


You were on level 1 of the Shoals.
You worshipped Ashenzari.
Ashenzari was extremely pleased with you.
You visited 5 branches of the dungeon, and saw 25 of its levels.
You visited the Abyss 1 time.
You also visited: Sewer and Gauntlet.

You collected 2437 gold pieces.
You spent 105 gold pieces at shops.

Inventory:

Hand Weapons
 e - a +3 scimitar of flaming
Missiles
 p - 14 poisoned darts (quivered)
Armour
 b - the cursed +0 fire dragon scales of Star-Bound Wisdom (worn) {rF++ rC-, Cun, Self}
   (You found it on level 14 of the Dungeon)

   rF:        It greatly protects you from fire.
   rC:        It makes you vulnerable to cold.
   It has a curse which improves the following skills: Cunning: Dodging and
   Stealth.
   Introspection: Fighting and Spellcasting.
 o - the cursed +2 cloak of the Ruined Pantheism (worn) {Self, Fort}
   (You found it on level 4 of the Dungeon)

   It has a curse which improves the following skills: Introspection: Fighting
   and Spellcasting.
   Fortitude: Armour and Shields.
 r - a +1 robe of willpower
 t - the cursed +0 kite shield of Ashenzari's Liberalism (worn) {Comp, Melee}
   (You found it on level 4 of the Dungeon)

   It has a curse which improves the following skills: Companions: Summonings
   and Necromancy.
   Melee Combat: Short Blades, Long Blades, Axes, Maces & Flails, Polearms,
   Staves and Unarmed Combat.
 v - +0 acid dragon scales
 I - a +2 robe of cold resistance
Jewellery
 g - the amulet "Teg Foll" {Spirit rF+}
   (You found it on level 10 of the Dungeon)

   [amulet of guardian spirit]

   It causes incoming damage to be divided between your reserves of health and
   magic.
   rF:        It protects you from fire.
 x - a ring of ice
 F - the cursed ring of Ashenzari's Malaise (right claw) {Wiz, Bglg, Alch}
   (You found it on level 12 of the Dungeon)

   [ring of wizardry]

   It improves your spell success rate.
   It has a curse which improves the following skills: Beguiling: Conjurations,
   Hexes and Translocations.
   Alchemy:   Poison Magic and Transmutations.
 G - the cursed ring "Shattered Incredulity" (left claw) {rC+ Int+3, Alch, Melee}
   (You acquired it on level 9 of the Dungeon)

   [ring of protection from cold]

   Int:       It affects your intelligence (+3).
   rC:        It protects you from cold.
   It has a curse which improves the following skills: Alchemy: Poison Magic and
   Transmutations.
   Melee Combat: Short Blades, Long Blades, Axes, Maces & Flails, Polearms,
   Staves and Unarmed Combat.
 H - a ring of ice
 J - a ring of willpower
 N - the cursed amulet "Restrained With Me" (around neck) {Reflect SH+5, Fort, Evo}
   (You found it in a Gauntlet)

   [amulet of reflection]

   It reflects blocked missile attacks.
   SH:        It affects your SH (+5).
   It has a curse which improves the following skills: Fortitude: Armour and
   Shields.
   Evocations: Evocations.
 P - a ring of fire
 R - a ring of protection from cold
Wands
 c - a wand of digging (6)
 n - a wand of polymorph (19)
 q - a wand of paralysis (6)
 A - a wand of iceblast (24)
 C - a wand of acid (37)
 K - a wand of charming (22)
Scrolls
 a - 5 scrolls of magic mapping
 i - 7 scrolls of amnesia
 l - 8 scrolls of teleportation
 m - 2 scrolls of fear
 s - a scroll of summoning
 w - 4 scrolls of enchant weapon
 E - a scroll of holy word
 L - 2 scrolls of blinking
 M - 4 scrolls of enchant armour
 O - a scroll of fog
 Q - a scroll of brand weapon
Potions
 f - 5 potions of ambrosia
 h - 3 potions of cancellation
 j - a potion of berserk rage
 k - 3 potions of mutation
 u - 10 potions of curing
 z - 4 potions of haste
 B - a potion of might
 D - 2 potions of flight


   Skills:
 + Level 11.7(15.4) Fighting
 - Level 1.5(4.2) Short Blades
 - Level 1.0 Bows
 - Level 1.7 Throwing
 + Level 8.3(12.3) Armour
 + Level 10.5(12.9) Dodging
 + Level 9.9(13.7) Shields
 * Level 18.4(21.6) Unarmed Combat


You had 16 spell levels left.
You knew the following spells:

 Your Spells              Type           Power      Damage    Failure   Level
a - Sting                 Tmut/Pois      4%         1d3       22%         1

Your spell library contained the following spells:

 Spells                   Type           Power      Damage    Failure   Level
 Corona                   Hex            1%         N/A       24%         1
 Summon Small Mammal      Summ           4%         N/A       24%         1
 Foxfire                  Conj/Fire      0%         2x1d4     26%         1
 Freeze                   Ice            0%         1d3       26%         1
 Slow                     Hex            1%         N/A       32%         2
 Static Discharge         Conj/Air       0%         N/A       36%         2
 Call Canine Familiar     Summ           1%         N/A       54%         3
 Confusing Touch          Hex            1%         N/A       54%         3
 Ignite Poison            Fire/Tmut/Pois 1%         N/A       54%         3
 Summon Guardian Golem    Hex/Summ       1%         N/A       54%         3
 Vampiric Draining        Necr           0%         2d6       54%         3
 Conjure Flame            Conj/Fire      0%         6-21      58%         3
 Inner Flame              Hex/Fire       0%         N/A       58%         3
 Frozen Ramparts          Ice            0%         1d2       61%         3
 Ozocubu's Armour         Ice            0%         N/A       61%         3
 Ice Form                 Ice/Tmut       0%         N/A       91%         4
 Animate Armour           Summ/Erth      0%         N/A       92%         4
 Hailstorm                Conj/Ice       0%         3d3       92%         4
 Summon Ice Beast         Ice/Summ       0%         N/A       92%         4
 Summon Lightning Spire   Summ/Air       0%         N/A       92%         4
 Airstrike                Air            0%         N/A       93%         4
 Blade Hands              Tmut           0%         N/A       99%         5
 Irradiate                Conj/Tmut      0%         3d13      99%         5
 Lightning Bolt           Conj/Air       0%         1d11      99%         5
 Metabolic Englaciation   Hex/Ice        0%         N/A       99%         5
 Yara's Violent Unravell  Hex/Tmut       0%         3d3       99%         5
 Iron Shot                Conj/Erth      0%         9d1       100%        6
 Simulacrum               Ice/Necr       0%         N/A       100%        6
 Dragon Form              Tmut           0%         N/A       100%        7
 Maxwell's Capacitive Co  Air            0%         ∞         100%        8
 Shatter                  Erth           0%         3d5*      100%        9


Dungeon Overview and Level Annotations

Branches:
Dungeon (15/15)            Temple (1/1) D:6            Lair (6/6) D:11
 Shoals (1/4) Lair:4       Spider (0/4) Lair:3        Slime (0/5) Lair:6
    Orc (2/2) D:9             Elf (0/3) Orc:2        Vaults (0/5) D:14
 Depths (0/5) D:15          Sewer (visited)         Gauntlet (visited)

Altars:
Ashenzari
Cheibriados
Dithmenos
Elyvilon
Fedhas
Gozag
Hepliaklqana
Kikubaaqudgha
Makhleb
Nemelex Xobeh
Okawaru
Qazlal
Ru
Sif Muna
Trog
Uskayaw
Vehumet
Wu Jian
Xom
Yredelemnul
Zin
The Shining One

Shops:
D:5 (   D:11 [   D:13 (   Orc:2 [:*(*

Portals:
Trove: D:14 (show abyssal rune of Zot)

Annotations:
D:11 2 transporters, Aneegiac's ghost, journeyman DDFi
Lair:6 exclusion: 2 oklob plants


Innate Abilities, Weirdness & Mutations

You are too large for most types of armour.
You have claws for hands.
Your natural rate of healing is unusually fast.
You are covered in fur. (AC +1)
You have tough skin. (AC +1)
You are clumsy. (Dex -2)


Message History

The barbed spikes become lodged in your body.
* * * LOW HITPOINT WARNING * * *
The faun shoots a stone.
The stone closely misses you.
The stone hits the harpy!!
The manticore completely misses you.
The manticore claws you but does no damage. x2
Your magical effects are unravelling.
You feel magically purged.
You are no longer glowing.
You feel your willpower return.
The harpy screeches!
The harpy claws you but does no damage. You block the harpy's attack.
A harpy comes into view.
The faun shoots a stone.
The stone barely misses you.
The stone hits the harpy!
The harpy barely misses you. The harpy closely misses you.
The faun shoots a stone.
The stone hits you but does no damage.
You block the manticore's attack. x2; The manticore claws you!
* * * LOW HITPOINT WARNING * * *
You are confused.
You feel invigorated.
The harpy screeches! x2
A harpy comes into view.
The harpy closely misses you. The harpy claws you but does no damage.
The faun shoots a stone.
The stone hits you but does no damage. The harpy claws you!
* * * LOW HITPOINT WARNING * * *
The harpy closely misses you.
The faun points at you and mumbles some strange words.
You resist with some effort.
The manticore bites you but does no damage.
The manticore barely misses you.
The manticore claws you but does no damage.
The manticore bites you but does no damage.
The manticore claws you but does no damage. x2
The harpy moves out of view.
The barbs in your skin will harm you if you move.
Continue?
Okay, then.
The harpy screeches!
The harpy claws you but does no damage. x2
The faun gestures at you while chanting.
Your willpower is stripped away!
The faun shoots a stone.
The stone hits you!
You die...

≈≈≈≈≈≈≈≈≈≈≈≈≈≈≈≈≈≈ ≈
≈ ≈
≈≈≈≈≈≈≈≈≈≈≈≈≈≈≈≈≈≈≈
≈ ≈≈
≈≈≈≈≈≈≈≈≈≈≈≈≈≈≈≈≈
≈≈≈ ≈ ≈≈
≈≈≈≈≈≈≈≈≈≈≈≈≈≈≈≈≈≈ ≈
≈≈≈ ≈
≈≈≈≈≈≈≈≈≈≈≈≈≈≈≈≈≈≈≈
≈≈ ≈
≈≈≈≈≈≈≈≈≈≈≈≈≈≈≈≈≈≈≈
≈ ≈ ≈
≈≈≈≈≈≈≈≈H≈≈≈≈≈...≈≈
≈ ≈
≈≈≈≈≈≈≈≈≈HHc≈....≈ ≈
≈ ≈
≈≈≈≈≈≈≈H@)c≈[...≈≈,
≈≈≈≈≈≈≈≈≈≈≈.≈......≈
≈≈≈ ≈
≈≈≈≈≈≈≈H≈≈....≈..≈ ≈
≈≈≈ ≈≈
≈≈≈≈≈≈≈≈...≈....≈ ≈
≈
≈≈≈≈≈≈≈≈≈........,,
≈≈≈≈≈≈≈≈≈.........
≈≈ ≈ ≈ ≈
≈≈≈≈≈≈≈.....#... ≈
≈≈≈≈ ≈
≈≈≈≈≈≈≈......#.. ≈ ≈
≈≈≈ ≈ ≈ ≈≈ ,≈ ≈ , ,
≈


You could see 2 fauns, 2 manticores and 3 harpies.

Vanquished Creatures
  Rupert (Lair:5)
  An orc warlord (Orc:1)
  Azrael (Orc:1)
  2 minotaurs
  A dire elephant (Lair:6)
  A merfolk javelineer (Shoals:1)
  2 fire dragons
  Josephine (Orc:2)
  A merfolk impaler (Lair:4)
  Harold (Lair:1)
  Fannar (D:10)
  A rakshasa (D:11)
  A boulder beetle (D:14)
  2 catoblepae
  An ice dragon (D:15)
  2 merfolk avatars
  11 hydras
  6 centaur warriors
  6 two-headed ogres
  7 death yaks
  2 tengu warriors
  3 orc high priests (Orc:2)
  A fire crab (Gauntlet)
  A shadow wraith (D:14)
  Nergalle (D:9)
  3 skeletal warriors
  6 sea snakes
  A necromancer (Gauntlet)
  3 wizards
  2 harpies (Shoals:1)
  A lindwurm (D:14)
  6 orc knights
  4 orc sorcerers
  A deep elf pyromancer (D:14)
  4 oklob plants (Lair:2)
  2 fauns (Shoals:1)
  8 manticores
  16 ugly things
  3 cyclopes
  8 elephants (Lair:6)
  Maurice (D:12)
  5 merfolk sirens
  2 water nymphs (Shoals:1)
  2 torpor snails (Lair:3)
  2 black mambas
  17 cane toads
  2 gargoyles
  Joseph (D:10)
  18 rime drakes
  A demonic crawler (Lair:3)
  7 komodo dragons
  An unseen horror (D:5)
  A kobold demonologist (D:12)
  A guardian mummy (D:14)
  A troll (shapeshifter) (D:13)
  6 hornets
  8 merfolk
  A queen bee (Lair:4)
  7 trolls
  3 wind drakes
  8 blink frogs
  9 polar bears
  A snapping turtle (Shoals:1)
  A wind drake (shapeshifter) (D:10)
  3 meliai
  Grinder (Sewer)
  6 dream sheep (Lair:5)
  A spriggan (Lair:5)
  A vampire (D:12)
  10 wyverns
  28 yaks
  A water elemental (Shoals:1)
  7 wraiths
  8 fire bats
  4 fire elementals
  5 basilisks
  4 vampire mosquitoes
  10 steam dragons
  6 wargs
  5 acid dragons
  11 water moccasins
  3 hell hounds
  29 orc warriors
  4 sky beasts
  A black bear (shapeshifter) (D:10)
  4 black bears
  10 ogres
  3 ice beasts
  5 necrophages
  24 wolves
  3 boggarts (D:15)
  22 centaurs
  A phantom (D:6)
  4 kobold brigands
  14 bullfrogs
  2 wyvern zombies (D:8)
  8 gnoll sergeants
  5 scorpions
  44 killer bees
  2 wights
  A howler monkey (D:6)
  3 electric eels
  7 centaur zombies
  A lava snake (Lair:5)
  2 quasits (Sewer)
  A bullfrog zombie (D:6)
  11 orc priests
  5 hounds
  3 jellies
  A gnoll shaman (D:6)
  A bullfrog skeleton (D:5)
  2 centaur skeletons
  2 iguanas
  18 orc wizards
  4 hell rats (Lair:4)
  2 killer bee zombies
  2 mummies (D:8)
  A hound skeleton (D:5)
  5 howler monkey zombies
  Robin (D:4)
  6 gnolls
  A river rat (D:5)
  12 adders
  3 shadow imps (Sewer)
  2 white imps
  3 ufetubi (Sewer)
  6 worms
  A dart slug (D:3)
  69 orcs
  10 ball pythons
  5 bats
  10 endoplasms
  8 giant cockroaches
  13 goblins
  8 hobgoblins
  6 jackals (D:3)
  22 kobolds
  8 quokkas
  4 frilled lizards
  2 kobold zombies (Sewer)
  5 rats
808 creatures vanquished.

Vanquished Creatures (others)
  2 orcs
  2 endoplasms (Sewer)
  55 fungi
  77 plants
  30 withered plants
166 creatures vanquished.

Grand Total: 974 creatures vanquished

Notes
Turn   | Place    | Note
-------+----------+-------------------------------------------
     0 | D:1      | Spaninq the Troll Wanderer began the quest for the Orb.
     0 | D:1      | Spaninq set off with the following items: a +2 dagger, 2
                  | curare-tipped darts, a +0 robe; and the following spell
                  | memorised: Sting; and the following spells available to
                  | memorise: Ignite Poison
     0 | D:1      | Reached XP level 1. HP: 19/19 MP: 0/0
    76 | D:1      | Reached skill level 1 in Unarmed Combat
    85 | D:1      | Reached XP level 2. HP: 27/27 MP: 1/1
   149 | D:1      | Found a faded altar of an unknown god.
   383 | D:2      | Reached skill level 2 in Unarmed Combat
   420 | D:2      | Reached XP level 3. HP: 33/33 MP: 2/2
   609 | D:2      | Reached XP level 4. HP: 42/42 MP: 3/3
   611 | D:2      | Reached skill level 3 in Unarmed Combat
  1226 | D:4      | Noticed an ogre
  1258 | D:4      | Killed an ogre
  1259 | D:4      | Reached skill level 4 in Unarmed Combat
  1259 | D:4      | Reached XP level 5. HP: 39/50 MP: 4/4
  1309 | D:4      | Noticed an ogre
  1315 | D:4      | Killed an ogre
  1316 | D:4      | Reached XP level 6. HP: 61/61 MP: 5/5
  1319 | D:4      | Reached skill level 5 in Unarmed Combat
  1431 | D:4      | Noticed a sky beast
  1444 | D:4      | Killed a sky beast
  1594 | D:4      | Noticed Robin
  1615 | D:4      | Killed Robin
  1684 | D:4      | Found a hide-covered altar of Uskayaw.
  1684 | D:4      | Found a hazy altar of Hepliaklqana.
  1804 | D:5      | Entered Level 5 of the Dungeon
  1815 | D:5      | Reached skill level 6 in Unarmed Combat
  1815 | D:5      | Reached XP level 7. HP: 42/67 MP: 6/6
  1847 | D:5      | Found a glowing drain.
  1894 | Sewer    | Entered a sewer
  2063 | Sewer    | Found a burning altar of Makhleb.
  2079 | Sewer    | Noticed Grinder
  2083 | Sewer    | Paralysed by Grinder for 5 turns
  2093 | Sewer    | Killed Grinder
  2094 | Sewer    | Reached skill level 7 in Unarmed Combat
  2162 | Sewer    | Reached XP level 8. HP: 50/79 MP: 7/7
  2218 | Sewer    | Identified the +0 robe of Time Monsters {Will+ Regen+ SInv}
  2363 | D:5      | Reached skill level 8 in Unarmed Combat
  2419 | D:5      | Noticed an unseen horror
  2432 | D:5      | Killed an unseen horror
  2433 | D:5      | Reached skill level 5 in Fighting
  2433 | D:5      | Reached skill level 9 in Unarmed Combat
  2459 | D:5      | Found Gophemab's Antique Weapon Shoppe.
  2523 | D:5      | Noticed a two-headed ogre
  2559 | D:5      | Killed a two-headed ogre
  2560 | D:5      | Reached skill level 10 in Unarmed Combat
  2560 | D:5      | Reached XP level 9. HP: 73/89 MP: 8/8
  2910 | D:6      | Found a staircase to the Ecumenical Temple.
  2933 | D:6      | Identified the -1 kite shield of the Leaf {rElec Str+2}
  3077 | Temple   | Entered the Ecumenical Temple
  3537 | D:6      | Found the +9 heavy crossbow "Sniper" {vorpal, Acc+∞ SInv}
  3550 | D:6      | Reached skill level 11 in Unarmed Combat
  3865 | D:7      | Found a burning altar of Makhleb.
  3869 | D:7      | Found a broken altar of Ashenzari.
  3877 | D:7      | Became a worshipper of Ashenzari the Shackled
  3929 | D:7      | Reached skill level 1 in Shields
  4540 | D:7      | Reached XP level 10. HP: 100/100 MP: 9/9
  6282 | D:9      | Identified the +9 falchion "Arbiter" {elec, Fly rC+ Stlth+}
  6427 | D:9      | Found a staircase to the Orcish Mines.
  6441 | D:9      | Reached skill level 12 in Unarmed Combat
  6469 | D:9      | HP: 5/102 [troll (4)]
  6862 | D:9      | Reached skill level 5 in Dodging
  6993 | D:9      | Identified a scroll of acquirement
  7069 | D:9      | Acquired the ring "Gaviuts" {rC+ Int+3}
  7290 | D:10     | Entered Level 10 of the Dungeon
  7312 | D:10     | Noticed Joseph
  7326 | D:10     | Killed Joseph
  7549 | D:10     | Noticed a green ugly thing
  7555 | D:10     | Killed a green ugly thing
  7556 | D:10     | Reached XP level 11. HP: 86/109 MP: 8/10
  7727 | D:10     | Noticed Fannar
  7774 | D:10     | Killed Fannar
  8130 | D:10     | Reached skill level 13 in Unarmed Combat
  8166 | D:10     | Noticed an orc knight
  8166 | D:10     | Noticed a purple ugly thing
  8183 | D:10     | Killed a purple ugly thing
  8194 | D:10     | Killed an orc knight
  8269 | D:10     | Noticed a catoblepas
  8298 | D:10     | Killed a catoblepas
  8341 | D:10     | Identified the amulet "Teg Foll" {Spirit rF+}
  8602 | D:11     | Found a transporter.
  8610 | D:11     | Noticed Aneegiac's ghost (journeyman DDFi)
  8611 | D:11     | Noticed an ice dragon
  8622 | D:11     | Found a transporter.
  8642 | D:11     | Noticed a two-headed ogre
  8646 | D:11     | Killed a two-headed ogre
  8750 | D:11     | Noticed a two-headed ogre
  8777 | D:11     | Killed a two-headed ogre
  8778 | D:11     | Reached skill level 5 in Shields
  8804 | D:11     | Noticed a two-headed ogre
  8827 | D:10     | Killed a two-headed ogre
  8828 | D:10     | Reached skill level 1 in Armour
  8904 | D:11     | Reached XP level 12. HP: 76/123 MP: 6/11
  9033 | D:11     | Found a staircase to the Lair.
  9061 | D:11     | Noticed a rakshasa
  9061 | D:11     | Noticed a tengu warrior
  9098 | D:11     | Killed a tengu warrior
  9247 | D:11     | Killed a rakshasa
  9663 | D:11     | Found Numuetann's Antique Armour Shoppe.
  9715 | D:12     | Identified the +8 hunting sling "Nanyimoess" {venom, Int+7
                  | Stlth-}
  9820 | D:11     | Reached skill level 14 in Unarmed Combat
 10108 | Lair:1   | Entered Level 1 of the Lair of Beasts
 10213 | Lair:1   | Reached * piety under Ashenzari
 11187 | Lair:2   | Identified the +2 robe "Xywku" {rF+++}
 11532 | Lair:2   | HP: 1/126 [acid (11)]
 11636 | Lair:2   | Noticed a seven-headed hydra
 11844 | D:12     | Noticed an eight-headed hydra
 12029 | D:12     | Found a shimmering altar of Xom.
 12032 | D:12     | Found a shimmering altar of Xom.
 12036 | D:12     | Found a shimmering altar of Xom.
 12036 | D:12     | Found a shimmering altar of Xom.
 12038 | D:12     | Found a shimmering altar of Xom.
 12038 | D:12     | Found a shimmering altar of Xom.
 12039 | D:12     | Found a shimmering altar of Xom.
 12039 | D:12     | Found a shimmering altar of Xom.
 12061 | D:12     | Noticed Maurice
 12275 | D:12     | Reached ** piety under Ashenzari
 12388 | D:12     | Killed Maurice
 12650 | D:13     | Noticed a seven-headed hydra
 12851 | D:13     | Noticed a centaur warrior
 12855 | D:13     | Noticed a centaur warrior
 12865 | D:13     | Killed a centaur warrior
 12866 | D:13     | Reached XP level 13. HP: 122/137 MP: 10/12
 12938 | D:13     | Reached *** piety under Ashenzari
 13658 | D:13     | Cast into level 3 of the Abyss (a wizard)
 13677 | D:13     | Escaped the Abyss
 13857 | Orc:1    | Entered Level 1 of the Orcish Mines
 13965 | Orc:1    | Noticed Nergalle
 14131 | D:9      | Reached skill level 15 in Unarmed Combat
 14205 | D:9      | Killed Nergalle
 14403 | Orc:2    | Entered Level 2 of the Orcish Mines
 14403 | Orc:2    | Noticed Azrael
 14635 | Orc:1    | Killed Azrael
 15088 | D:12     | Found a shimmering altar of Xom.
 15088 | D:12     | Noticed an ettin
 15128 | D:12     | Found a shimmering altar of Xom.
 15128 | D:12     | Found a shimmering altar of Xom.
 15128 | D:12     | Found a shimmering altar of Xom.
 15128 | D:12     | Found a shimmering altar of Xom.
 15129 | D:12     | Found a shimmering altar of Xom.
 15129 | D:12     | Found a shimmering altar of Xom.
 15512 | D:13     | Found Mala's Weapon Shoppe.
 15830 | Lair:2   | Noticed Harold
 15913 | Lair:1   | Killed Harold
 16266 | Lair:2   | Reached **** piety under Ashenzari
 16477 | Lair:2   | Identified the +0 leather armour of Luohohos {rF++ Int+5
                  | Slay+2}
 16813 | Lair:2   | Found the +7 Kryia's mail coat {PotionHeal*2 rC+}
 16839 | Lair:2   | Reached skill level 5 in Armour
 17248 | Lair:3   | Reached skill level 10 in Fighting
 17285 | Lair:3   | Found a hole to the Spider Nest.
 17313 | Lair:3   | Reached ***** piety under Ashenzari
 17506 | Lair:3   | Reached XP level 14. HP: 154/154 MP: 13/13
 17773 | Lair:3   | Reached skill level 16 in Unarmed Combat
 18344 | Lair:4   | Found a gate leading to a gauntlet.
 18354 | Gauntlet | Entered a Gauntlet
 18354 | Gauntlet | Found a transporter.
 18354 | Gauntlet | Found a transporter.
 18358 | Gauntlet | Found a transporter.
 18358 | Gauntlet | Found a transporter.
 18368 | Gauntlet | Found a transporter.
 18369 | Gauntlet | Identified the +0 pair of gloves of Honour {Fly}
 18380 | Gauntlet | Found a transporter.
 18381 | Gauntlet | Found a transporter.
 18383 | Gauntlet | Found a transporter.
 18384 | Gauntlet | Identified the +0 pair of gloves "Teilaes" {SInv}
 18387 | Gauntlet | Identified the +0 cloak "Qaghiwea" {-Tele Str+5 Dex+8
                  | Stlth+}
 18391 | Gauntlet | Found a transporter.
 18400 | Gauntlet | Found a transporter.
 18452 | Gauntlet | Found a transporter.
 18474 | Gauntlet | Found a transporter.
 18514 | Gauntlet | Found a transporter.
 18528 | Gauntlet | Found a transporter.
 18629 | Gauntlet | Found a transporter.
 18646 | Gauntlet | Found a transporter.
 18767 | Gauntlet | Paralysed by a hornet for 3 turns
 18923 | Gauntlet | Reached XP level 15. HP: 163/163 MP: 14/14
 18929 | Gauntlet | Identified the Guide on Fetching Earth
 18929 | Gauntlet | Identified the +1 scimitar of the Pyrrhic Victory {flame,
                  | Str+3 SInv Stlth+}
 19918 | Lair:4   | Found a staircase to the Shoals.
 20112 | Lair:5   | Noticed Rupert
 20131 | Lair:5   | Killed Rupert
 20489 | Lair:5   | Reached skill level 17 in Unarmed Combat
 21007 | Orc:2    | Found Mooror's CLEARANCE SALE! EVERYTHING MUST GO!.
 21013 | Orc:2    | Bought a potion of haste for 30 gold pieces
 21111 | Orc:2    | Found Wohop's Antique Armour Boutique.
 21220 | Orc:2    | Found Jidor's General Store.
 21233 | Orc:2    | Bought a potion of heal wounds for 75 gold pieces
 21244 | Orc:2    | Noticed an orc warlord
 21428 | Orc:1    | Killed an orc warlord
 21489 | Orc:1    | Noticed Josephine
 21524 | Orc:2    | Reached XP level 16. HP: 140/169 MP: 11/15
 21590 | Orc:2    | Killed Josephine
 21874 | Orc:2    | Found Plog's Book Boutique.
 21888 | Orc:2    | Gained mutation: You are clumsy. (Dex -2) [a neqoxec]
 22169 | Orc:2    | Found a staircase to the Elven Halls.
 22245 | Orc:2    | Found Inyir's Antique Weapon Shop.
 22702 | Lair:6   | Entered Level 6 of the Lair of Beasts
 23328 | Lair:6   | Found a staircase to the Slime Pits.
 23547 | Lair:6   | Identified the +1 robe of Tarch {rF+ Dex+6}
 23587 | Lair:6   | Reached skill level 10 in Dodging
 24388 | D:14     | Found a portal to a secret trove of treasure.
 24561 | D:14     | Found a gate to the Vaults.
 24908 | D:15     | Entered Level 15 of the Dungeon
 24980 | D:15     | Reached skill level 18 in Unarmed Combat
 25052 | D:15     | Found a staircase to the Depths.
 25174 | D:15     | Found the +27 Lear's hauberk
 26134 | Shoals:1 | Entered Level 1 of the Shoals
 26738 | Shoals:1 | Reached XP level 17. HP: 141/184 MP: 16/16
 27049 | Shoals:1 | HP: 7/184 [manticore (9)]
 27050 | Shoals:1 | HP: 3/184 [harpy (10)]
 27051 | Shoals:1 | Shot with a stone by a faun

Illustrated notes

Levels and vault maps discovered:
D:1:      dpeg_arrival_windows_large_door, layout_rooms,
          shapermc_ecumenical_altar_petra
D:2:      layout_rooms
D:3:      layout_rooms, grunt_ministairs_7
D:4:      layout_cave_pools, gammafunk_temple_overflow_wave, uniq_robin
D:5:      cheibrodos_fzero, layout_cave_pools, cheibrodos_sewer_entry_sluice,
          serial_shops, nicolae_square_shop
D:6:      minmay_octagon_keep, layout_layer_cave, minmay_temple_entry_overgrown
D:7:      layout_layer_cave, grunt_temple_overflow_open, minmay_misc_feat_five
D:8:      layout_loops_ring, serial_undead, serial_undead_b, serial_undead_e,
          serial_undead_c, serial_undead_a, serial_undead_b, serial_undead_a
D:9:      layout_basic, kennysheep_orc_monster_closet_entryway
D:10:     minmay_tri_box, layout_stronghold, minmay_diced_spiral, uniq_fannar,
          uniq_joseph
D:11:     layout_cross, erik_lair_island, gammafunk_ghost_berserking_beasts,
          serial_shops, nicolae_shop_temple_entry_statues_fountains, hive_lemuel
D:12:     layout_basic, xom_shifter_show, uniq_maurice
D:13:     minmay_evil_eye, layout_long_grid, serial_shops, nicolae_diamond_shop
D:14:     layout_loops_ring, david_vaults_4, nicolae_trove_entry_path_of_doom,
          grunt_decor_arrowhead
D:15:     grunt_enter_depths_hoard, layout_cave_pods,
          hellmonk_guarded_unrand_lears
Temple:   regret_index_temple_mists
Lair:1:   layout_cave_pods, grunt_megastairs_5
Lair:2:   layout_cave_pods, wad_woods_road_05, minmay_lair_oklob_chamber,
          uniq_harold
Lair:3:   layout_regular_city, nicolae_spider_entry_non_spiders,
          chequers_serial_rivers_marsh, nicolae_quartered_pool_medium,
          bobbens_dragon_lair_wall
Lair:4:   layout_roguey [special_room_bee], elwin_shoals_entry_stream,
          special_room [special_room_mythical_zoo], gauntlet_entry_generic
Lair:5:   layout_gridlike, chequers_serial_rivers_micro_a,
          chequers_serial_rivers_room_a, forest_entry_grove, uniq_rupert
Lair:6:   gammafunk_lair_ancient_temple, layout_regular_city,
          minmay_slime_entry_oklob_enclosed
Shoals:1: layout_shoals, nicolae_shoals_nymph_descending_staircase
Orc:1:    layout_caves, statue_in_the_mist_lemuel, uniq_josephine, uniq_nergalle
Orc:2:    grunt_orc_gardens, layout_caves, grunt_orc_garden, grunt_orc_garden,
          grunt_orc_garden, grunt_orc_garden, nicolae_shop_clearance,
          uniq_azrael

Skill      XL: |  1  2  3  4  5  6  7  8  9 10 11 12 13 14 15 16 |
---------------+-------------------------------------------------+-----
Unarmed Combat | 1 2 4 6 7 10 11 12 13 14 15 16 17 18 | 18.4
Fighting       | 2 3 4 6 7 8 9 10 11 | 11.7
Shields        | 1 3 5 6 7 8 9 |  9.9
Dodging        | 5 6 7 8 9 10 | 10.5
Armour         | 1 3 5 6 8 |  8.3
Short Blades   | |  1.5
Bows           | |  1.0
Throwing       | |  1.7

Action                   |  1- 3 |  4- 6 |  7- 9 | 10-12 | 13-15 | 16-18 || total
-------------------------+-------+-------+-------+-------+-------+-------++-------
Melee: Unarmed           |   102 |   145 |   294 |   698 |   792 |   635 ||  2666
       Punch             |     2 |     3 |    19 |    39 |       |       ||    63
       Scimitar          |       |       |       |       |    63 |     5 ||    68
Invok: Curse Item        |       |       |       |     3 |     3 |     2 ||     8
       Shatter the Chain |       |       |       |       |     1 |     1 ||     2
Evoke: Wand              |       |       |       |       |    12 |       ||    12
  Use: Scroll            |       |       |     3 |     6 |     1 |     1 ||    11
       Potion            |       |       |       |     3 |     8 |     6 ||    17
 Stab: Sleeping          |       |     1 |       |       |       |       ||     1
       Petrified         |       |       |       |     8 |       |       ||     8
       Invisible         |       |       |       |       |     8 |       ||     8
Armor: Robe              |    26 |    36 |   131 |   188 |       |       ||   381
       Troll leather arm |       |       |       |     2 |   249 |    68 ||   319
       Fire dragon scale |       |       |       |       |       |    89 ||    89
Dodge: Dodged            |    60 |    52 |   136 |   299 |   375 |   186 ||  1108
Block: Kite shield       |       |       |       |    37 |   581 |   390 ||  1008
       Reflection        |       |       |       |       |       |    17 ||    17
       Rpst.: Scimitar   |       |       |       |       |     6 |     1 ||     7

Table legend: (Time is in decaauts)
 A = Elapsed time spent in this place.
 B = Non-inter-level travel time spent in this place.
 C = Inter-level travel time spent in this place.
 D = Time resting spent in this place.
 E = Time spent auto-exploring this place.
 F = Levels seen in this place.
 G = Mean time per level.
                   A        B        C        D        E       F      G
               +--------+--------+--------+--------+--------+-----+--------+
         Total |  26542 |  24232 |   2310 |   2643 |  13417 |  28 |  947.9 |
       Dungeon |  15035 |  13704 |   1331 |   1059 |   8438 |  15 | 1002.3 |
        Temple |    222 |    222 |      0 |      0 |    196 |   1 |  222.0 |
          Lair |   7674 |   6753 |    921 |   1021 |   3481 |   6 | 1279.0 |
        Shoals |    640 |    640 |      0 |     91 |    178 |   1 |  640.0 |
  Orcish Mines |   1926 |   1871 |     55 |    409 |    679 |   2 |  963.0 |
         Abyss |     18 |     18 |      0 |      0 |      0 |   1 |   18.0 |
         Sewer |    414 |    414 |      0 |     33 |    129 |   1 |  414.0 |
      Gauntlet |    609 |    609 |      0 |     29 |    315 |   1 |  609.0 |
               +--------+--------+--------+--------+--------+-----+--------+

Top non-repeatable levels by time:
    D:12: 2148 daAuts
  Lair:2: 2018 daAuts
    D:10: 1522 daAuts
     D:9: 1508 daAuts
    D:11: 1433 daAuts
     D:6: 1390 daAuts
  Lair:4: 1382 daAuts
  Lair:3: 1292 daAuts
  Lair:1: 1154 daAuts
    D:15: 1061 daAuts
     D:7: 1055 daAuts
   Orc:2: 995 daAuts
    D:13: 972 daAuts
   Orc:1: 931 daAuts
  Lair:6: 921 daAuts
